 Dungeon Crawl Stone Soup version 0.27.1-4-g1640c2035a (webtiles) character file.

Game seed: 2407234247864300738

21828 Johnny the Fencer (level 13, -13/136 (172) HPs)
             Began as a Human Berserker on Nov 3, 2021.
             Was an Elder of Trog.
             Killed from afar by an orc sorcerer (25 damage)
             ... with a bolt of negative energy
             ... on level 1 of the Orcish Mines.
             The game lasted 00:16:14 (16943 turns).

Johnny the Fencer (Human Berserker)                Turns: 16943, Time: 00:16:14

HP:   -13/136 (172) AC: 13    Str: 22    XL:     13   Next: 22%
MP:   13/13         EV: 12    Int:  8    God:    Trog [****..]
Gold: 755           SH:  5    Dex: 19    Spells: 12/12 levels left

rFire    . . .     SeeInvis +   o - +2 long sword (vorpal)
rCold    . . .     Faith    .   (no shield)
rNeg     . . .     Spirit   .   G - +2 troll leather armour
rPois    .         Reflect  +   z - +2 helmet {SInv}
rElec    .         Harm     .   m - +0 cloak {Stlth+}
rCorr    .         Rampage  +   J - +0 pair of gloves
Will     ++...                  r - +1 pair of boots {rampage}
Stlth    ..........             F - amulet of reflection
HPRegen  2.32/turn              h - +6 ring of dexterity
MPRegen  0.13/turn              (no ring)

@: berserking (expiring), strong-willed, regenerating, heavily drained, very
quick
A: no striking features
a: Renounce Religion, Berserk, Trog's Hand, Brothers in Arms


You were on level 1 of the Orcish Mines.
You worshipped Trog.
Trog was greatly pleased with you.
You visited 2 branches of the dungeon, and saw 14 of its levels.
You also visited: Sewer and Bailey.

You collected 848 gold pieces.
You spent 93 gold pieces at shops.

Inventory:

Hand Weapons
 a - a +0 falchion
 o - a +2 vorpal long sword (weapon)
 v - a +0 rapier of venom
Missiles
 n - 5 throwing nets (quivered)
Armour
 m - a +0 cloak of stealth (worn)
 q - a +0 crystal plate armour
 r - a +1 pair of boots of rampaging (worn)
 z - a +2 helmet of see invisible (worn)
 G - a +2 troll leather armour (worn)
 J - a +0 pair of gloves (worn)
Jewellery
 h - a +6 ring of dexterity (left hand)
 u - a +6 ring of strength
 F - an amulet of reflection (around neck)
 I - a ring of flight
Wands
 H - a wand of paralysis (1)
 L - a wand of charming (14)
Scrolls
 b - 3 scrolls of amnesia
 c - a scroll of magic mapping
 f - 4 scrolls of enchant weapon
 j - 2 scrolls of immolation
 k - 5 scrolls of teleportation
 s - a scroll of fear
 t - a scroll of brand weapon
 y - 2 scrolls of vulnerability
Potions
 d - a potion of magic
 e - 3 potions of lignification
 g - 2 potions of brilliance {unknown}
 l - 2 potions of curing
 p - 4 potions of flight
 w - a potion of heal wounds
 A - a potion of attraction {unknown}
 B - a potion of resistance {unknown}
 C - 4 potions of might {unknown}
 D - a potion of degeneration {unknown}
 E - 2 potions of mutation {unknown}
Miscellaneous
 i - a phantom mirror
 K - a box of beasts (inert)


   Skills:
 + Level 15.0 Fighting
 - Level 16.2 Long Blades
 - Level 2.0 Armour
 - Level 2.0 Dodging


You had 12 spell levels left.
You didn't know any spells.
Your spell library was empty.

Dungeon Overview and Level Annotations

Branches:
Dungeon (12/15)            Temple (0/1) D:5            Lair (0/6) D:9
    Orc (2/2) D:12          Sewer (visited)          Bailey (visited)
    Elf: Orc:2

Altars:
Ashenzari
Elyvilon
Gozag
Kikubaaqudgha
Makhleb
Nemelex Xobeh
Uskayaw
Vehumet
Xom

Shops:
D:1 *   D:5 (**([   D:8 =(=*   Orc:1 :

Annotations:
D:5 1 runed translucent door, Tzialkovskiy's ghost, amateur GrEE
D:8 2 transporters, H0rd4k's ghost, novice HuAr


Message History

The soul eater disappears in a puff of smoke!
You feel a strong urge to attack something.
There is a stone staircase leading down, spattered with blood here.
Things that are here:
a +0 scale mail; a +0 hand axe You closely miss the orc sorcerer.
The orc sorcerer is lightly wounded.
The orc sorcerer casts a spell at you. The bolt of fire hits you!
You hit the orc sorcerer.
The orc sorcerer is lightly wounded.
The orc high priest hits you with a +1 vorpal scimitar.
The orc sorcerer hits you but does no damage.
You slash the orc wizard!
The orc wizard is heavily wounded.
The orc sorcerer closely misses you. You block the orc wizard's attack.
You slash the orc sorcerer!
The orc sorcerer is moderately wounded.
The orc high priest hits you with a +1 vorpal scimitar!
* * * LOW HITPOINT WARNING * * *
x2 The orc sorcerer gestures wildly while chanting.
You barely miss the orc sorcerer.
The orc sorcerer is lightly wounded.
The orc sorcerer closely misses you.
The orc wizard gestures at you while chanting.
You resist with almost no effort.
You slash the orc wizard!
You kill the orc wizard!
Trog accepts your kill.
Trog appreciates your killing of a magic user.
The orc high priest hits you with a +1 vorpal scimitar.
* * * LOW HITPOINT WARNING * * *
x2 The orc sorcerer casts a spell at you.
The bolt of negative energy hits you!!
You feel drained.
* * * LOW HITPOINT WARNING * * *
You hit the orc sorcerer but do no damage.
The orc sorcerer is moderately wounded.
The orc sorcerer casts a spell at you. The bolt of negative energy hits you!!
You feel drained.
You die...

..∩.#.##.#..........# ##.....##
)...###...#.........#####......#
)...##...###....#..###.###....###
.....##.###....##..##....#......#
....................#............
.#...#........................#.#
....#................#.........##
.#.............oo.............##
.............#.[@3.[).........#
...........##..o)[......#..#.##
..#.......##...............###
.......#........[[#.##..#.##
..##.#.#........[#...#.###.##
.###.......[.[..#...........#
###..........<.............##
.###.#.....[[..............# ##
###......#.#..##........#


You could see an orc high priest, a ynoxinul (summoned) and 2 orc sorcerers.

Vanquished Creatures
  A boulder beetle (D:11)
  Harold (D:10)
  A two-headed ogre (D:12)
  Pikel (D:9)
  3 orc knights
  An orc sorcerer (Orc:1)
  A cyclops (D:12)
  2 unseen horrors (D:12)
  Maggie (D:8)
  5 trolls
  A queen bee (shapeshifter) (D:10)
  8 slime creatures (D:12)
  A meliai zombie (D:10)
  A vampire (D:10)
  A wyvern (D:9)
  2 shadows
  23 yaks
  4 steam dragons
  3 chaos spawn (D:8)
  7 wargs
  An acid dragon (D:12)
  30 orc warriors
  An ice beast (D:6)
  A necrophage (D:7)
  4 ogres
  4 centaurs
  A lemure (D:9)
  2 phantoms (D:5)
  6 kobold brigands
  6 bullfrogs
  Blork the orc (D:5)
  A wyvern zombie (D:8)
  A water moccasin zombie (D:6)
  2 scorpions
  2 water moccasin skeletons (D:5)
  7 killer bees
  2 electric eels (D:12)
  3 howler monkeys
  2 centaur zombies
  A gnoll shaman (D:7)
  3 hounds
  6 jellies
  11 orc priests
  Crazy Yiuf (D:2)
  A bullfrog skeleton (D:7)
  3 iguanas
  4 centaur skeletons
  17 orc wizards
  Terence (D:3)
  2 hound skeletons (D:4)
  Robin (D:2)
  4 howler monkey zombies
  4 adders
  11 gnolls
  2 river rats (Sewer)
  3 white imps (D:7)
  An ufetubus (D:4)
  An adder zombie (D:5)
  A worm (D:3)
  A dart slug (D:2)
  55 orcs
  6 endoplasms
  2 giant cockroaches
  14 goblins
  7 hobgoblins
  4 jackals
  19 kobolds
  5 quokkas
  9 ball pythons
  4 bats
  4 frilled lizards
  8 rats
361 creatures vanquished.

Vanquished Creatures (others)
  3 fungi (D:2)
  6 plants (D:5)
9 creatures vanquished.

Grand Total: 370 creatures vanquished

Notes
Turn   | Place    | Note
-------+----------+-------------------------------------------
     0 | D:1      | Johnny the Human Berserker began the quest for the Orb.
     0 | D:1      | Reached XP level 1. HP: 18/18 MP: 1/1
   207 | D:1      | Reached XP level 2. HP: 24/24 MP: 2/2
   599 | D:1      | Found Gouront's General Store.
   639 | D:1      | Found a faded altar of an unknown god.
   779 | D:2      | Reached XP level 3. HP: 19/29 MP: 3/3
  1044 | D:2      | Noticed Robin
  1054 | D:2      | Killed Robin
  1055 | D:2      | Reached skill level 4 in Long Blades
  1270 | D:2      | Reached XP level 4. HP: 20/35 MP: 4/4
  1463 | D:2      | Reached ** piety under Trog
  1862 | D:2      | Found a runed translucent door.
  1863 | D:2      | Noticed Crazy Yiuf
  1876 | D:2      | Killed Crazy Yiuf
  2118 | D:3      | Reached XP level 5. HP: 42/42 MP: 5/5
  2150 | D:3      | Found a glowing drain.
  2150 | D:3      | Noticed Terence
  2171 | D:3      | Killed Terence
  2180 | Sewer    | Entered a sewer
  2186 | Sewer    | Found a white marble altar of Elyvilon.
  2187 | Sewer    | Reached skill level 5 in Long Blades
  2235 | Sewer    | Noticed a kobold brigand
  2251 | Sewer    | Killed a kobold brigand
  2252 | Sewer    | Reached XP level 6. HP: 36/48 MP: 6/6
  3320 | D:3      | Reached skill level 6 in Long Blades
  4000 | D:4      | Reached XP level 7. HP: 47/55 MP: 7/7
  4083 | D:4      | Reached *** piety under Trog
  4396 | D:4      | Reached skill level 5 in Fighting
  4856 | D:5      | Entered Level 5 of the Dungeon
  4861 | D:5      | Found a staircase to the Ecumenical Temple.
  4888 | D:5      | Reached skill level 7 in Long Blades
  5157 | D:5      | Found a runed translucent door.
  5166 | D:5      | Reached XP level 8. HP: 63/63 MP: 8/8
  5169 | D:5      | Noticed Tzialkovskiy's ghost (amateur GrEE)
  5173 | D:5      | Found Zaohait's Antique Armour Shop.
  5411 | D:5      | Found Kodaby's Assorted Antiques.
  5486 | D:5      | Bought a potion of curing for 93 gold pieces
  5533 | D:5      | Reached skill level 8 in Long Blades
  5983 | D:5      | Found Pepummines's Antique Weapon Boutique.
  5991 | D:5      | Found Godgh's Assorted Antiques.
  6126 | D:5      | Found Saacis's Weapon Shop.
  6545 | D:6      | Noticed Blork the orc
  6553 | D:6      | Reached skill level 9 in Long Blades
  6576 | D:6      | Reached XP level 9. HP: 42/71 MP: 9/9
  6586 | D:5      | Killed Blork the orc
  6705 | D:6      | Found a hide-covered altar of Uskayaw.
  6785 | D:6      | Reached **** piety under Trog
  6903 | D:6      | Identified the +0 buckler of Unreason {rN+ Str+3}
  7149 | D:6      | Reached skill level 10 in Long Blades
  7312 | D:6      | HP: 3/72 [poisoned by a killer bee]
  7984 | D:7      | Found a sparkling altar of Nemelex Xobeh.
  8502 | D:7      | Reached skill level 11 in Long Blades
  8502 | D:7      | Reached XP level 10. HP: 74/80 MP: 10/10
  9121 | D:7      | Found an ancient bone altar of Kikubaaqudgha.
  9121 | D:7      | Found a white marble altar of Elyvilon.
  9121 | D:7      | Found an opulent altar of Gozag.
  9126 | D:7      | Found a radiant altar of Vehumet.
  9163 | D:8      | Found Hyr Itist's General Store.
  9169 | D:8      | Noticed a gargoyle
  9222 | D:8      | Noticed Maggie
  9229 | D:8      | Noticed H0rd4k's ghost (novice HuAr)
  9276 | D:8      | Found Tilok's Jewellery Boutique.
  9291 | D:8      | Found Noinian's Antique Weapon Emporium.
  9364 | D:8      | Found a transporter.
  9365 | D:8      | Found a transporter.
  9625 | D:8      | Reached skill level 12 in Long Blades
  9820 | D:8      | Found Leaplyck's Weapon Shop.
  9931 | D:8      | Found Uwnoong's Jewellery Shoppe.
  9952 | D:8      | Found a shimmering altar of Xom.
  9952 | D:8      | Found the +7 mace of Variability {chain chaos}
 10092 | D:8      | Found a broken altar of Ashenzari.
 10532 | D:8      | Killed Maggie
 10682 | D:9      | Reached skill level 13 in Long Blades
 10760 | D:9      | Reached XP level 11. HP: 58/86 MP: 11/11
 10970 | D:9      | Noticed Pikel
 10986 | D:9      | Killed Pikel
 10987 | D:9      | Reached skill level 14 in Long Blades
 11317 | D:9      | Found a staircase to the Lair.
 11494 | D:10     | Entered Level 10 of the Dungeon
 12051 | D:10     | Noticed Harold
 12069 | D:10     | Killed Harold
 12081 | D:10     | Reached skill level 15 in Long Blades
 13096 | D:11     | Noticed a boulder beetle
 13113 | D:11     | Killed a boulder beetle
 13582 | D:11     | Reached XP level 12. HP: 93/93 MP: 12/12
 13851 | D:12     | Reached skill level 16 in Long Blades
 13869 | D:12     | Found a flagged portal.
 13871 | D:12     | Noticed a two-headed ogre
 13888 | Bailey   | Entered a bailey
 14536 | D:12     | Reached skill level 10 in Fighting
 14910 | D:12     | Killed a two-headed ogre
 15653 | D:12     | Found a staircase to the Orcish Mines.
 16026 | Orc:1    | Entered Level 1 of the Orcish Mines
 16111 | Orc:1    | Reached XP level 13. HP: 113/113 MP: 13/13
 16222 | Orc:1    | Found Atriroll's Book Shoppe.
 16231 | Orc:1    | Found a burning altar of Makhleb.
 16389 | Orc:2    | Entered Level 2 of the Orcish Mines
 16833 | Orc:1    | Reached skill level 15 in Fighting
 16943 | Orc:1    | Killed from afar by an orc sorcerer

Illustrated notes

Levels and vault maps discovered:
D:1:      matt_arrival_grand_opening, layout_basic, serial_shops, shop,
          hellmonk_ecumenical_altar_inner_sanctum
D:2:      layout_basic, uniq_crazy_yiuf_cottage, uniq_robin
D:3:      layout_loops_cross, cheibrodos_sewer_entry_sluice,
          grunt_ministairs_15, minmay_misc_feat_rows, uniq_terence
D:4:      layout_basic, minmay_surrounded
D:5:      layout_loops_corners, minmay_temple_entry_tees, serial_shops,
          nicolae_shop_crystal, nicolae_shop_overgrown_old_shop,
          nicolae_shop_trees, kennysheep_mini_moat,
          nicolae_shop_overgrown_old_shop, ebering_ghost_sewer_d,
          lexackson_kobold_supper
D:6:      layout_rooms, mainiacjoe_overflow_concentric_impassable,
          uniq_blork_the_orc
D:7:      layout_basic, minitemple, st_stairs_11, minmay_checkerbox
D:8:      layout_basic, grunt_ashenzari_visionary
          [grunt_ashenzari_visionary_shoals, grunt_ashenzari_visionary_spider],
          serial_shops, nicolae_shop_trees, nicolae_shop_trees,
          nicolae_shop_trees, shop, shop_statue, gammafunk_ghost_arena,
          grunt_decor_junction, minmay_guarded_unrand_variability, uniq_maggie
D:9:      layout_basic, dpeg_oklobed_lair, minmay_between, uniq_pikel
D:10:     layout_loops_ring, uniq_harold
D:11:     layout_basic
D:12:     layout_basic, minmay_orc_entry_guard_dogs, enter_bailey_3,
          hangedman_abyss_or_decor_stagger
Orc:1:    cheibrodos_orc_bank, layout_caves, serial_shops, shop, bloody_makhleb,
          uniq_maurice
Orc:2:    grunt_orc_cross, layout_caves, basic_altar, serial_shops, shop,
          nicolae_shop_self_help

Skill      XL: |  1  2  3  4  5  6  7  8  9 10 11 12 13 |
---------------+----------------------------------------+-----
Long Blades    | 4 5 6 7 9 11 13 15 16 | 16.2
Fighting       | 4 5 6 8 14 15 | 15.0
Armour         | |  2.0
Dodging        | |  2.0

Action                   |  1- 3 |  4- 6 |  7- 9 | 10-12 | 13-15 || total
-------------------------+-------+-------+-------+-------+-------++-------
Melee: Falchion          |    71 |   186 |       |       |       ||   257
       Rapier            |       |    21 |   322 |   615 |       ||   958
       Long sword        |       |       |       |   138 |   131 ||   269
Throw: Throwing net      |       |       |     4 |     2 |       ||     6
Invok: Berserk           |     2 |     4 |     8 |    25 |     6 ||    45
       Trog's Hand       |       |     2 |     5 |    21 |     7 ||    35
Evoke: Wand              |       |       |       |    15 |       ||    15
       Box of beasts     |       |       |       |     1 |       ||     1
  Use: Scroll            |       |     1 |       |    23 |     2 ||    26
       Potion            |       |       |     4 |     2 |       ||     6
 Stab: Sleeping          |       |     2 |     6 |    10 |     1 ||    19
       Distracted        |       |     1 |       |     3 |       ||     4
       Held in net/web   |       |       |       |     3 |       ||     3
       Paralysed         |       |       |       |     9 |       ||     9
Armor: Ring mail         |    22 |    81 |   160 |    33 |       ||   296
       Steam dragon scal |       |       |       |   108 |       ||   108
       Troll leather arm |       |       |       |    49 |    28 ||    77
       Crystal plate arm |       |       |       |     3 |       ||     3
       Skin              |       |       |       |     1 |       ||     1
Dodge: Dodged            |    51 |   104 |   215 |   324 |    71 ||   765
Block: Other             |       |       |       |    58 |    27 ||    85
       Reflection        |       |       |       |     9 |     4 ||    13
       Rpst.: Falchion   |    22 |    27 |       |       |       ||    49
       Long sword        |       |       |       |    15 |    18 ||    33
